 Dungeon Crawl Stone Soup version 0.31-a0-214-gb37851dbb3 (webtiles) character file.

Game seed: 1071771052438942462

41437 qw the Cleaver (level 14, 0/90 HPs)
             Began as a Gargoyle Fighter on July 1, 2023.
             Was a High Priest of Okawaru.
             Slain by an elephant (3 damage)
             ... on level 4 of the Lair of Beasts.
             The game lasted 00:07:07 (14068 turns).

qw the Cleaver (Gargoyle Fighter)                  Turns: 14068, Time: 00:07:07

Health: 0/90       AC: 34    Str: 24    XL:     14   Next: 15%
Magic:  30/30      EV:  9    Int: 10    God:    Okawaru [*****.]
Gold:   525        SH: 15    Dex:  9    Spells: 13/13 levels left

rFire   + + .        r - +1 war axe (freeze)
rCold   + + +        s - +2 shield of Resistance {rF++ rC++ Will++}
rNeg    + . .        u - +0 plate armour
rPois   inf          (no helmet)
rElec   +            j - +0 cloak
rCorr   .            h - +0 pair of gloves
SInv    .            (no boots)
Will    ++++.        (no amulet) Stlth
                     A - +4 ring of protection
HPRegen 0.35/turn    q - ring "Uviecauvi" {Will+ MP+9 Slay+2}
MPRegen 0.22/turn

%: no passive effects
@: heroic, flying
A: sickness immunity, AC +10, big wings, negative energy resistance 1,
electricity resistance, torment resistance 1, petrification resistance, cold
resistance 1
a: Renounce Religion, Heroism, Finesse, Duel


You were on level 4 of the Lair of Beasts.
You worshipped Okawaru.
Okawaru was extremely pleased with you.
You visited 2 branches of the dungeon, and saw 12 of its levels.
You also visited: Gauntlet.

You collected 717 gold pieces.
You spent 192 gold pieces at shops.


Innate Abilities, Weirdness & Mutations

You are immune to sickness and miasma.
Your stone body is resilient. (AC +10)
You are immune to poison.
Your large and strong wings let you fly.
You resist negative energy. (rN+)
You are resistant to electric shocks. (rElec)
You are resistant to unholy torment.
You are immune to petrification.
Your flesh is cold resistant. (rC+)


   Skills:
 - Level 11.0(16.0) Fighting
 - Level 14.0(19.0) Axes
 - Level 5.0(10.0) Throwing
 + Level 9.1(14.1) Armour
 - Level 2.4(7.4) Dodging
 - Level 11.2(16.2) Shields
 - Level 10.0 Invocations


You had 13 spell levels left.
You didn't know any spells.
Your spell library was empty.

Inventory:

Hand Weapons
 r - a +1 war axe of freezing (weapon)
 v - a +1 hand axe of flaming
Missiles
 b - 7 silver boomerangs
 g - 12 boomerangs
 y - 7 javelins (quivered)
Armour
 h - a +0 pair of gloves (worn)
 j - a +0 cloak (worn)
 s - the +2 shield of Resistance (worn) {rF++ rC++ Will++}
   (Okawaru gifted it to you on level 1 of the Lair of Beasts)

   rF:        It greatly protects you from fire.
   rC:        It greatly protects you from cold.
   Will:      It greatly increases your willpower.
 u - a +0 plate armour (worn)
 x - the +1 hat of the Komodo Dragon {Contam Harm rPois Int+3}
   (Okawaru gifted it to you on level 4 of the Lair of Beasts)

   Int:       It affects your intelligence (+3).
   rPois:     It protects you from poison.
   Contam:    It causes magical contamination when unequipped.
   Harm:      It increases damage dealt and taken.
Jewellery
 c - a ring of resist corrosion
 f - a ring of ice
 q - the ring "Uviecauvi" (right hand) {Will+ MP+9 Slay+2}
   (You found it in a Gauntlet)

   [ring of magical power]

   Slay:      It affects your accuracy & damage with ranged weapons and melee
   (+2).
   MP:        It affects your magic capacity (+9).
   Will:      It increases your willpower.
 z - an amulet of guardian spirit
 A - a +4 ring of protection (left hand)
 Y - a ring of resist corrosion
Scrolls
 a - 3 scrolls of identify
Potions
 d - 2 potions of might
 e - a potion of cancellation
 i - 2 potions of mutation
 k - 3 potions of curing
 m - 3 potions of lignification
 n - a potion of magic
 o - a potion of attraction
 p - a potion of haste
 t - a potion of enlightenment

Dungeon Overview and Level Annotations

Branches:
Dungeon (8/15)             Temple (0/1) D:7            Lair (4/5) D:8
 Shoals (0/4) Lair:2        Snake (0/4) Lair:2        Slime (0/5) Lair:4
Gauntlet (visited)

Altars:
Ashenzari
Elyvilon
Fedhas
Nemelex Xobeh
Okawaru
Trog
Uskayaw
Vehumet
Wu Jian
Xom
The Shining One
Jiyva

Shops:
D:7 *

Annotations:
D:7 2 runed translucent doors, qw's ghost, novice MiHs


Message History

You miss the killer bee. You closely miss the rime drake.
The ice encasing you melts away. You block the killer bee's attack.
The elephant misses you.
The elephant trunk-slaps you but does no damage.
You hit the elephant but do no damage.
The elephant is severely wounded.
You slash the rime drake! You freeze the rime drake. You hit the killer bee.
You freeze the killer bee.
The killer bee stings you but does no damage.
The rime drake bites you but does no damage.
The elephant tramples you.
You are shoved backwards!
Enter note:
Enter note:
Enter note:
Enter note:
Enter note:
Enter note:
Enter note:
Enter note:
Enter note:
Enter note:
Enter note:
Enter note:
Enter note:
Enter note:
Enter note:
Enter note:
Enter note:
Enter note: You hit the rime drake.
You kill the rime drake!
Okawaru accepts your kill.
You hit the elephant. You freeze the elephant. You barely miss the elephant.
The elephant is severely wounded.
You barely miss the killer bee. You hit the rime drake.
The killer bee closely misses you.
The rime drake bites you but does no damage.
The elephant tramples you.
You die...

.##.##)....................
..........###...._..........
..........P#.<..............
.................P..........
..................P.........
................P...........
........%........P..........
.(.....HYFyk................
(%....(l%yY@.....>........#.
.(.y#######..............#..
.. ##.............#.%
#...............
##..........##.
##.........P.. ##...........
##.......... ###........


You could see 2 elephants, a manticore, a cane toad, a basilisk, a rime drake
and 2 killer bees.

Vanquished Creatures
  A minotaur (Gauntlet)
  Josephine (Lair:4)
  Fannar (Lair:1)
  Harold (Lair:2)
  A hydra (Lair:2)
  2 catoblepae
  A two-headed ogre (D:7)
  2 boulder beetles
  5 death yaks (Lair:2)
  15 elephants
  3 black mambas
  A molten gargoyle (Gauntlet)
  A gargoyle (Gauntlet)
  10 cane toads
  3 rime drakes
  8 komodo dragons
  6 meliai (Lair:4)
  2 hornets (Gauntlet)
  16 blink frogs
  Prince Ribbit (D:8)
  A snapping turtle (Lair:2)
  4 wraiths (Lair:4)
  4 slime creatures (Gauntlet)
  5 wyverns
  45 yaks
  4 basilisks
  3 wargs (D:8)
  2 nagas (Lair:2)
  7 water moccasins
  4 black bears
  2 sky beasts
  An ice beast (D:7)
  14 wolves
  2 kobold brigands
  15 bullfrogs
  A scorpion (D:6)
  6 wights
  16 killer bees (Lair:4)
  An electric eel (Lair:2)
  A howler monkey (D:6)
  4 hounds
  A gnoll bouda (Lair:4)
  6 orc priests
  A sleepcap (D:7)
  8 jellies
  5 orc wizards
  4 iguanas
  7 gnolls
  6 adders
  3 white imps
  3 dart slugs
  16 orcs
  8 ball pythons
  6 bats
  5 endoplasms
  2 giant cockroaches
  4 goblins
  3 hobgoblins (D:2)
  2 quokkas
  4 frilled lizards
  20 kobolds
  12 rats
349 creatures vanquished.

Notes
Turn   | Place    | Note
-------+----------+-------------------------------------------
     0 | D:1      | qw the Gargoyle Fighter began the quest for the Orb.
     0 | D:1      | Reached XP level 1. HP: 14/14 MP: 1/1
     0 | D:1      | 0 ||| qw: Version: 0.3-a-32-g5962c71
     0 | D:1      | 0 ||| qw: Game counter: 7657
     0 | D:1      | 0 ||| qw: Melee chars always use a shield: true
     0 | D:1      | 0 ||| qw: God list: Okawaru
     0 | D:1      | 0 ||| qw: Allow faded altars: false
     0 | D:1      | 0 ||| qw: Do Orc after clearing Dungeon:15 true
     0 | D:1      | 0 ||| qw: Do second Lair branch before Depths: true
     0 | D:1      | 0 ||| qw: Lair rune preference: random
     0 | D:1      | 0 ||| qw: Goals: Normal, Zot:1-4, Slime:5, God:TSO, Crypt,
                  | Tomb, Abyss, Pan, Hells, Win
     0 | D:1      | 0 ||| PLANNING D:1-11
   104 | D:1      | Reached skill level 2 in Axes
   152 | D:1      | Reached XP level 2. HP: 19/19 MP: 2/2
   335 | D:1      | 335 ||| Stepping ~*~*~tactically~*~*~ (hiding).
   359 | D:1      | 359 ||| FLEEEEING.
   410 | D:1      | 410 ||| DROPPING +0 club.
   524 | D:1      | Reached skill level 3 in Axes
   719 | D:1      | Reached XP level 3. HP: 23/23 MP: 3/3
   819 | D:1      | 819 ||| UPGRADING to +0 pair of gloves.
   824 | D:1      | 824 ||| UPGRADING to +0 cloak.
   829 | D:1      | 829 ||| READING 2 scrolls labelled SANABL VYORPH.
   830 | D:1      | 830 ||| READING scroll labelled FUXACR ECIFUD.
   835 | D:1      | 835 ||| DRINKING 2 bubbling yellow potions.
   890 | D:2      | 890 ||| Stepping ~*~*~tactically~*~*~ (hiding).
  1810 | D:3      | Found a faded altar of an unknown god.
  1987 | D:3      | Found an iron altar of Okawaru.
  1988 | D:3      | 1988 ||| PLANNING OKAWARU WORSHIP
  1988 | D:3      | 1988 ||| DROPPING amulet of magic regeneration.
  1989 | D:3      | 1989 ||| UPGRADING to ring of positive energy.
  1990 | D:3      | 1990 ||| DRINKING 2 yellow potions.
  1994 | D:3      | Became a worshipper of Warmaster Okawaru
  1995 | D:3      | 1995 ||| PLANNING D:1-11
  2057 | D:3      | Reached XP level 4. HP: 25/28 MP: 4/4
  2266 | D:3      | Reached skill level 4 in Axes
  2383 | D:3      | 2383 ||| DROPPING +0 whip.
  2487 | D:3      | 2487 ||| UPGRADING to +0 chain mail.
  2497 | D:3      | 2497 ||| DROPPING +0 scale mail.
  2498 | D:3      | 2498 ||| READING scroll labelled WODEHE KUJU.
  2499 | D:3      | 2499 ||| READING scroll labelled DINONI ROICIRANN.
  2500 | D:3      | 2500 ||| DRINKING 3 puce potions.
  2533 | D:3      | 2533 ||| DRINKING 2 clear potions.
  2534 | D:3      | 2534 ||| DROPPING potion of brilliance.
  2589 | D:4      | Reached XP level 5. HP: 32/32 MP: 5/5
  2644 | D:4      | Found a glowing golden altar of the Shining One.
  2664 | D:4      | Reached skill level 5 in Axes
  2690 | D:4      | Found a radiant altar of Vehumet.
  2851 | D:4      | Reached XP level 6. HP: 29/38 MP: 6/6
  3029 | D:4      | 3029 ||| UPGRADING to ring of resist corrosion.
  3030 | D:4      | 3030 ||| READING 2 scrolls labelled BINU ZISARO.
  3031 | D:4      | 3031 ||| READING scroll labelled COG MONELO.
  3032 | D:4      | 3032 ||| DRINKING 3 silvery potions.
  3033 | D:4      | 3033 ||| DROPPING scroll of poison.
  3060 | D:5      | Entered Level 5 of the Dungeon
  3060 | D:5      | Found a shimmering altar of Xom.
  3073 | D:5      | Found a broken altar of Ashenzari.
  3323 | D:5      | Reached * piety under Okawaru
  4155 | D:5      | 4155 ||| READING scroll labelled NIOH WUSOTARUGG.
  4255 | D:6      | Noticed a yak
  4255 | D:6      | Noticed a yak
  4255 | D:6      | Noticed a yak
  4257 | D:6      | Noticed a yak
  4257 | D:6      | Noticed a yak
  4262 | D:6      | 4262 ||| INVOKING Heroism.
  4265 | D:6      | Killed a yak
  4266 | D:6      | Reached skill level 6 in Axes
  4266 | D:6      | Reached XP level 7. HP: 22/43 MP: 4/7
  4267 | D:6      | Reached skill level 1 in Invocations
  4268 | D:6      | Killed a yak
  4268 | D:6      | Killed a yak
  4268 | D:6      | Reached ** piety under Okawaru
  4269 | D:6      | Reached skill level 3 in Invocations
  4269 | D:6      | Reached XP level 8. HP: 16/48 MP: 4/10
  4269 | D:6      | Killed a yak
  4272 | D:6      | HP: 4/48 [yak (12)]
  4273 | D:6      | 4273 ||| READING scroll of teleportation.
  4274 | D:6      | 4274 ||| DRINKING 2 potions of heal wounds.
  4275 | D:6      | 4275 ||| INVOKING Heroism.
  4283 | D:6      | Reached skill level 7 in Axes
  4298 | D:6      | 4298 ||| INVOKING Heroism.
  4298 | D:6      | HP: 11/49 [yak (8)]
  4299 | D:6      | 4299 ||| DRINKING potion of heal wounds.
  4300 | D:6      | Killed a yak
  4396 | D:6      | Found an ornate altar of the Wu Jian Council.
  4437 | D:6      | 4437 ||| Stepping ~*~*~tactically~*~*~ (stealth).
  4751 | D:6      | 4751 ||| READING scroll labelled YTUTZYN CUCY.
  4752 | D:6      | 4752 ||| DRINKING 2 glowing puce potions.
  4752 | D:6      | Gained mutation: Your flesh is cold resistant. (rC+)
                  | [potion of mutation]
  4752 | D:6      | Gained mutation: Your natural rate of healing is unusually
                  | fast. [potion of mutation]
  4752 | D:6      | Lost mutation: Your natural rate of healing is unusually
                  | fast. [potion of mutation]
  4753 | D:6      | 4753 ||| READING 2 scrolls of identify.
  4753 | D:6      | 4753 ||| IDENTIFYING metallic purple potion
  4754 | D:6      | 4754 ||| DROPPING potion of degeneration.
  4775 | D:7      | Reached skill level 8 in Axes
  4782 | D:7      | Reached XP level 9. HP: 50/54 MP: 12/12
  4794 | D:7      | Found Qoinkoha's Assorted Antiques.
  4809 | D:7      | 4809 ||| BUYING potion of might (96 gold).
  4809 | D:7      | Bought a potion of might for 96 gold pieces
  4809 | D:7      | 4809 ||| BUYING scroll labelled CITEGHOTTE (24 gold).
  4809 | D:7      | Bought a scroll labelled CITEGHOTTE for 24 gold pieces
  4809 | D:7      | 4809 ||| BUYING scroll labelled CITEGHOTTE (24 gold).
  4809 | D:7      | Bought a scroll labelled CITEGHOTTE for 24 gold pieces
  4809 | D:7      | 4809 ||| BUYING scroll of identify (48 gold).
  4809 | D:7      | Bought a scroll of identify for 48 gold pieces
  4809 | D:7      | 4809 ||| SHOPLISTING shiny plate armour (624 gold, have
                  | 173).
  4865 | D:7      | Found a white marble altar of Elyvilon.
  4930 | D:7      | Noticed a two-headed ogre
  4931 | D:7      | 4931 ||| Stepping ~*~*~tactically~*~*~ (stealth).
  4932 | D:7      | 4932 ||| Stepping ~*~*~tactically~*~*~ (stealth).
  4933 | D:7      | 4933 ||| INVOKING Heroism.
  4937 | D:7      | Killed a two-headed ogre
  4937 | D:7      | Reached *** piety under Okawaru
  4938 | D:7      | Reached skill level 6 in Armour
  4964 | D:7      | Found a staircase to the Ecumenical Temple.
  5006 | D:7      | Found a bloodstained altar of Trog.
  5010 | D:7      | 5010 ||| INVOKING Heroism.
  5029 | D:7      | Reached skill level 6 in Fighting
  5069 | D:7      | 5069 ||| INVOKING Heroism.
  5125 | D:7      | 5125 ||| DROPPING +0 flail.
  5140 | D:7      | Noticed a boulder beetle
  5141 | D:7      | 5141 ||| INVOKING Heroism.
  5150 | D:7      | Killed a boulder beetle
  5150 | D:7      | Received a gift from Okawaru
  5151 | D:7      | Reached skill level 9 in Axes
  5184 | D:7      | Found a blossoming altar of Fedhas.
  5245 | D:7      | Found a large runed translucent door.
  5247 | D:7      | Found a large runed translucent door.
  5251 | D:7      | Noticed qw's ghost (novice MiHs)
  5330 | D:7      | 5330 ||| Stepping ~*~*~tactically~*~*~ (hiding).
  5332 | D:7      | 5332 ||| Stepping ~*~*~tactically~*~*~ (hiding).
  5333 | D:7      | 5333 ||| Stepping ~*~*~tactically~*~*~ (hiding).
  5334 | D:7      | 5334 ||| Stepping ~*~*~tactically~*~*~ (hiding).
  5335 | D:7      | 5335 ||| Stepping ~*~*~tactically~*~*~ (hiding).
  5466 | D:7      | Found a hide-covered altar of Uskayaw.
  5479 | D:7      | Reached skill level 3 in Throwing
  5516 | D:7      | Found a sparkling altar of Nemelex Xobeh.
  5992 | D:7      | 5992 ||| READING 2 scrolls labelled CITEGHOTTE.
  5993 | D:7      | 5993 ||| READING 3 scrolls of identify.
  5993 | D:7      | 5993 ||| IDENTIFYING metallic orange potion
  5994 | D:7      | 5994 ||| READING 2 scrolls of identify.
  5994 | D:7      | 5994 ||| IDENTIFYING viscous silvery potion
  5995 | D:7      | 5995 ||| DROPPING scroll of blinking.
  5996 | D:7      | 5996 ||| DROPPING potion of berserk rage.
  6033 | D:8      | 6033 ||| Stepping ~*~*~tactically~*~*~ (hiding).
  6034 | D:8      | 6034 ||| Stepping ~*~*~tactically~*~*~ (hiding).
  6036 | D:8      | 6036 ||| INVOKING Heroism.
  6041 | D:8      | Reached XP level 10. HP: 60/60 MP: 10/13
  6055 | D:8      | Reached **** piety under Okawaru
  6056 | D:8      | 6056 ||| Stepping ~*~*~tactically~*~*~ (hiding).
  6057 | D:8      | 6057 ||| Stepping ~*~*~tactically~*~*~ (hiding).
  6059 | D:8      | 6059 ||| FLEEEEING.
  6060 | D:8      | 6060 ||| FLEEEEING.
  6061 | D:8      | 6061 ||| FLEEEEING.
  6062 | D:8      | 6062 ||| STAIRDANCE
  6192 | D:8      | 6192 ||| STAIRDANCE
  6315 | D:8      | 6315 ||| STAIRDANCE
  6421 | D:8      | Found a staircase to the Lair.
  6430 | D:8      | 6430 ||| INVOKING Heroism.
  6475 | D:8      | 6475 ||| FLEEEEING.
  6476 | D:8      | 6476 ||| FLEEEEING.
  6477 | D:8      | 6477 ||| FLEEEEING.
  6482 | D:8      | 6482 ||| STAIRDANCE
  6581 | D:8      | 6581 ||| Stepping ~*~*~tactically~*~*~ (stealth).
  6587 | D:8      | 6587 ||| FLEEEEING.
  6840 | D:8      | 6840 ||| INVOKING Heroism.
  6845 | D:8      | Reached skill level 6 in Invocations
  6850 | D:8      | 6850 ||| Stepping ~*~*~tactically~*~*~ (hiding).
  7033 | D:8      | Noticed Prince Ribbit
  7046 | D:8      | 7046 ||| INVOKING Heroism.
  7055 | D:8      | Killed Prince Ribbit
  7056 | D:8      | Reached skill level 10 in Axes
  7123 | D:8      | 7123 ||| Stepping ~*~*~tactically~*~*~ (hiding).
  7124 | D:8      | 7124 ||| Stepping ~*~*~tactically~*~*~ (hiding).
  7295 | D:8      | 7295 ||| Stepping ~*~*~tactically~*~*~ (stealth).
  7538 | D:8      | 7538 ||| FLEEEEING.
  7539 | D:8      | 7539 ||| FLEEEEING.
  7540 | D:8      | 7540 ||| FLEEEEING.
  7541 | D:8      | 7541 ||| FLEEEEING.
  7542 | D:8      | 7542 ||| FLEEEEING.
  7543 | D:8      | 7543 ||| FLEEEEING.
  7544 | D:8      | 7544 ||| FLEEEEING.
  7545 | D:8      | 7545 ||| FLEEEEING.
  7546 | D:8      | 7546 ||| FLEEEEING.
  7547 | D:8      | 7547 ||| FLEEEEING.
  7548 | D:8      | 7548 ||| FLEEEEING.
  7554 | D:8      | 7554 ||| STAIRDANCE
  7611 | D:7      | 7611 ||| READING scroll labelled GETTAY FUOPSON.
  7688 | D:8      | 7688 ||| Stepping ~*~*~tactically~*~*~ (hiding).
  7804 | D:8      | 7804 ||| PLANNING LAIR
  7827 | Lair:1   | Entered Level 1 of the Lair of Beasts
  7836 | Lair:1   | 7836 ||| STAIRDANCE
  7838 | D:8      | 7838 ||| INVOKING Heroism.
  7842 | D:8      | Received a gift from Okawaru
  7919 | Lair:1   | 7919 ||| STAIRDANCE
  7987 | Lair:1   | Noticed a cane toad
  7988 | Lair:1   | 7988 ||| INVOKING Heroism.
  7991 | Lair:1   | Killed a cane toad
  7992 | Lair:1   | Reached XP level 11. HP: 68/68 MP: 13/16
  8010 | Lair:1   | Noticed Fannar
  8023 | Lair:1   | 8023 ||| INVOKING Heroism.
  8038 | Lair:1   | 8038 ||| FLEEEEING.
  8039 | Lair:1   | 8039 ||| FLEEEEING.
  8045 | Lair:1   | 8045 ||| FLEEEEING.
  8046 | Lair:1   | 8046 ||| FLEEEEING.
  8047 | Lair:1   | 8047 ||| FLEEEEING.
  8048 | Lair:1   | 8048 ||| FLEEEEING.
  8049 | Lair:1   | 8049 ||| FLEEEEING.
  8052 | Lair:1   | 8052 ||| INVOKING Heroism.
  8061 | Lair:1   | HP: 17/68 [Fannar/+0 quarterstaff of freezing (8)]
  8066 | Lair:1   | Killed Fannar
  8270 | Lair:1   | Noticed a boulder beetle
  8271 | Lair:1   | 8271 ||| INVOKING Heroism.
  8293 | Lair:1   | Killed a boulder beetle
  8293 | Lair:1   | Reached ***** piety under Okawaru
  8374 | Lair:1   | 8374 ||| Stepping ~*~*~tactically~*~*~ (stealth).
  8377 | Lair:1   | 8377 ||| INVOKING Heroism.
  8385 | Lair:1   | Received a gift from Okawaru
  8388 | Lair:1   | Reached skill level 9 in Invocations
  8402 | Lair:1   | Received a gift from Okawaru
  8402 | Lair:1   | Found the +2 shield of Resistance {rF++ rC++ Will++}
  8411 | Lair:1   | 8411 ||| Stepping ~*~*~tactically~*~*~ (stealth).
  8414 | Lair:1   | 8414 ||| Stepping ~*~*~tactically~*~*~ (stealth).
  8465 | Lair:1   | 8465 ||| INVOKING Heroism.
  8466 | Lair:1   | 8466 ||| Stepping ~*~*~tactically~*~*~ (stealth).
  8495 | Lair:1   | Reached skill level 11 in Axes
  8522 | Lair:1   | 8522 ||| INVOKING Heroism.
  8529 | Lair:1   | 8529 ||| Stepping ~*~*~tactically~*~*~ (stealth).
  8659 | Lair:1   | 8659 ||| INVOKING Heroism.
  8708 | Lair:1   | Noticed a catoblepas
  8711 | Lair:1   | 8711 ||| INVOKING Heroism.
  8713 | Lair:1   | 8713 ||| INVOKING Finesse.
  8726 | Lair:1   | Killed a catoblepas
  8737 | Lair:1   | Reached skill level 9 in Fighting
  8744 | Lair:1   | Reached XP level 12. HP: 68/76 MP: 13/19
  8867 | Lair:1   | 8867 ||| Stepping ~*~*~tactically~*~*~ (hiding).
  8868 | Lair:1   | 8868 ||| Stepping ~*~*~tactically~*~*~ (hiding).
  8869 | Lair:1   | 8869 ||| Stepping ~*~*~tactically~*~*~ (hiding).
  8902 | Lair:1   | 8902 ||| INVOKING Heroism.
  9184 | Lair:1   | You fall into a shaft and drop 1 floor!
  9185 | Lair:2   | 9185 ||| PLANNING GAUNTLET
  9233 | Lair:2   | Reached skill level 12 in Axes
  9252 | Lair:2   | 9252 ||| INVOKING Heroism.
  9395 | Lair:2   | 9395 ||| Stepping ~*~*~tactically~*~*~ (stealth).
  9396 | Lair:2   | 9396 ||| INVOKING Heroism.
  9409 | Lair:2   | Reached skill level 6 in Shields
  9418 | Lair:2   | Received a gift from Okawaru
  9507 | Lair:2   | Found a gate leading to a gauntlet.
  9508 | Lair:2   | 9508 ||| UPGRADING to +2 shield of Resistance {rF++ rC++
                  | Will++}.
  9518 | Lair:2   | 9518 ||| DROPPING +0 buckler.
  9519 | Lair:2   | 9519 ||| DROPPING scarf of invisibility.
  9520 | Lair:2   | 9520 ||| UPGRADING to +4 ring of protection.
  9522 | Lair:2   | 9522 ||| READING scroll labelled NEUNAL GEOSAO.
  9572 | Lair:2   | 9572 ||| READING scroll labelled HOGIEN CIOMPIWKU.
  9573 | Lair:2   | 9573 ||| READING 2 scrolls of identify.
  9573 | Lair:2   | 9573 ||| IDENTIFYING bubbling grey potion
  9574 | Lair:2   | 9574 ||| DROPPING potion of invisibility.
  9595 | Gauntlet | Entered a Gauntlet
  9595 | Gauntlet | Found a transporter.
  9595 | Gauntlet | Found a transporter.
  9599 | Gauntlet | Found a transporter.
  9599 | Gauntlet | Found a transporter.
  9600 | Gauntlet | Found a transporter.
  9609 | Gauntlet | Found a transporter.
  9613 | Gauntlet | Found a transporter.
  9615 | Gauntlet | Noticed a wretched star
  9623 | Gauntlet | Found a transporter.
  9653 | Gauntlet | Noticed a catoblepas
  9712 | Gauntlet | Found a transporter.
  9728 | Gauntlet | Found a transporter.
  9730 | Gauntlet | Found a transporter.
  9740 | Gauntlet | Found a transporter.
  9800 | Gauntlet | 9800 ||| INVOKING Heroism.
  9811 | Gauntlet | HP: 16/76 [large slime creature (6)]
  9812 | Gauntlet | 9812 ||| DRINKING potion of heal wounds.
  9816 | Gauntlet | HP: 17/76 [slime creature (12)]
 10040 | Gauntlet | 10040 ||| DROPPING ring of wizardry.
 10090 | Gauntlet | 10090 ||| INVOKING Heroism.
 10099 | Gauntlet | Killed a catoblepas
 10260 | Gauntlet | Identified the ring "Uviecauvi" {Will+ MP+9 Slay+2}
 10262 | Gauntlet | 10262 ||| UPGRADING to ring "Uviecauvi" {Will+ MP+9
                  | Slay+2}.
 10306 | Gauntlet | 10306 ||| DROPPING ring of positive energy.
 10307 | Gauntlet | 10307 ||| DRINKING 2 brown potions.
 10314 | Gauntlet | Noticed a minotaur
 10315 | Gauntlet | 10315 ||| Stepping ~*~*~tactically~*~*~ (stealth).
 10317 | Gauntlet | 10317 ||| Stepping ~*~*~tactically~*~*~ (stealth).
 10322 | Gauntlet | 10322 ||| INVOKING Heroism.
 10334 | Gauntlet | Killed a minotaur
 10335 | Gauntlet | Reached skill level 9 in Shields
 10578 | Gauntlet | 10578 ||| UPGRADING to +0 plate armour.
 10588 | Gauntlet | 10588 ||| DROPPING +0 chain mail.
 10604 | Lair:2   | 10604 ||| PLANNING LAIR
 10605 | Lair:2   | Noticed Harold
 10606 | Lair:2   | 10606 ||| INVOKING Heroism.
 10623 | Lair:2   | Killed Harold
 10623 | Lair:2   | Received a gift from Okawaru
 11008 | Lair:2   | Noticed a death yak
 11008 | Lair:2   | Noticed a death yak
 11009 | Lair:2   | 11009 ||| INVOKING Heroism.
 11010 | Lair:2   | Noticed a death yak
 11010 | Lair:2   | Noticed a death yak
 11012 | Lair:2   | Noticed a death yak
 11019 | Lair:2   | Killed a death yak
 11022 | Lair:2   | Killed a death yak
 11032 | Lair:2   | Killed a death yak
 11033 | Lair:2   | Killed a death yak
 11033 | Lair:2   | Received a gift from Okawaru
 11034 | Lair:2   | Reached XP level 13. HP: 29/80 MP: 20/20
 11040 | Lair:2   | HP: 18/80 [death yak (13)]
 11041 | Lair:2   | 11041 ||| READING scroll of teleportation.
 11045 | Lair:2   | 11045 ||| FLEEEEING.
 11046 | Lair:2   | 11046 ||| FLEEEEING.
 11047 | Lair:2   | 11047 ||| INVOKING Heroism.
 11069 | Lair:2   | 11069 ||| FLEEEEING.
 11070 | Lair:2   | 11070 ||| FLEEEEING.
 11071 | Lair:2   | 11071 ||| FLEEEEING.
 11072 | Lair:2   | 11072 ||| FLEEEEING.
 11073 | Lair:2   | 11073 ||| FLEEEEING.
 11074 | Lair:2   | 11074 ||| FLEEEEING.
 11075 | Lair:2   | 11075 ||| FLEEEEING.
 11076 | Lair:2   | 11076 ||| FLEEEEING.
 11077 | Lair:2   | 11077 ||| FLEEEEING.
 11078 | Lair:2   | 11078 ||| FLEEEEING.
 11079 | Lair:2   | 11079 ||| FLEEEEING.
 11080 | Lair:2   | 11080 ||| FLEEEEING.
 11081 | Lair:2   | 11081 ||| FLEEEEING.
 11082 | Lair:2   | 11082 ||| FLEEEEING.
 11083 | Lair:2   | 11083 ||| FLEEEEING.
 11084 | Lair:2   | 11084 ||| STAIRDANCE
 11236 | Lair:2   | 11236 ||| INVOKING Heroism.
 11237 | Lair:2   | 11237 ||| SWAPPING to +1 hand axe of flaming.
 11249 | Lair:2   | Reached skill level 9 in Armour
 11249 | Lair:2   | 11249 ||| SWAPPING to +1 war axe of freezing.
 11555 | Lair:2   | Found a staircase to the Shoals.
 11656 | Lair:2   | Found a staircase to the Snake Pit.
 11657 | Lair:2   | 11657 ||| Stepping ~*~*~tactically~*~*~ (hiding).
 12029 | Lair:2   | 12029 ||| READING 4 scrolls of identify.
 12029 | Lair:2   | 12029 ||| IDENTIFYING dark potion
 12030 | Lair:2   | 12030 ||| READING 3 scrolls of identify.
 12030 | Lair:2   | 12030 ||| IDENTIFYING emerald potion
 12056 | Lair:3   | 12056 ||| Stepping ~*~*~tactically~*~*~ (stealth).
 12064 | Lair:3   | 12064 ||| INVOKING Heroism.
 12216 | Lair:3   | 12216 ||| INVOKING Heroism.
 12225 | Lair:3   | Received a gift from Okawaru
 12239 | Lair:3   | 12239 ||| Stepping ~*~*~tactically~*~*~ (stealth).
 12278 | Lair:3   | 12278 ||| FLEEEEING.
 12279 | Lair:3   | 12279 ||| FLEEEEING.
 12280 | Lair:3   | 12280 ||| FLEEEEING.
 12281 | Lair:3   | 12281 ||| FLEEEEING.
 12282 | Lair:3   | 12282 ||| FLEEEEING.
 12350 | Lair:3   | 12350 ||| Stepping ~*~*~tactically~*~*~ (hiding).
 12352 | Lair:3   | 12352 ||| Stepping ~*~*~tactically~*~*~ (hiding).
 12354 | Lair:3   | 12354 ||| Stepping ~*~*~tactically~*~*~ (hiding).
 12355 | Lair:3   | 12355 ||| INVOKING Heroism.
 12572 | Lair:3   | 12572 ||| Stepping ~*~*~tactically~*~*~ (stealth).
 12573 | Lair:3   | 12573 ||| Stepping ~*~*~tactically~*~*~ (stealth).
 12581 | Lair:3   | Received a gift from Okawaru
 12658 | Lair:3   | 12658 ||| Stepping ~*~*~tactically~*~*~ (stealth).
 12661 | Lair:3   | 12661 ||| Stepping ~*~*~tactically~*~*~ (stealth).
 12663 | Lair:3   | 12663 ||| INVOKING Heroism.
 12675 | Lair:3   | 12675 ||| Stepping ~*~*~tactically~*~*~ (stealth).
 12699 | Lair:3   | Received a gift from Okawaru
 12700 | Lair:3   | Reached skill level 13 in Axes
 12824 | Lair:3   | 12824 ||| Stepping ~*~*~tactically~*~*~ (stealth).
 13056 | Lair:3   | 13056 ||| Stepping ~*~*~tactically~*~*~ (stealth).
 13057 | Lair:3   | 13057 ||| Stepping ~*~*~tactically~*~*~ (stealth).
 13170 | Lair:3   | 13170 ||| Stepping ~*~*~tactically~*~*~ (stealth).
 13171 | Lair:3   | 13171 ||| Stepping ~*~*~tactically~*~*~ (stealth).
 13205 | Lair:3   | 13205 ||| INVOKING Heroism.
 13331 | Lair:4   | Found a viscous altar of Jiyva.
 13331 | Lair:4   | Found a staircase to the Slime Pits.
 13373 | Lair:4   | 13373 ||| Stepping ~*~*~tactically~*~*~ (stealth).
 13380 | Lair:4   | Received a gift from Okawaru
 13490 | Lair:4   | 13490 ||| Stepping ~*~*~tactically~*~*~ (hiding).
 13614 | Lair:4   | 13614 ||| Stepping ~*~*~tactically~*~*~ (hiding).
 13793 | Lair:4   | Noticed Josephine
 13807 | Lair:4   | 13807 ||| INVOKING Heroism.
 13810 | Lair:4   | Killed Josephine
 13820 | Lair:4   | Identified the +1 hat of the Komodo Dragon {Contam Harm
                  | rPois Int+3} (Okawaru gifted it to you on level 4 of the
                  | Lair of Beasts)
 13820 | Lair:4   | Received a gift from Okawaru
 13996 | Lair:4   | 13996 ||| Stepping ~*~*~tactically~*~*~ (stealth).
 14006 | Lair:4   | Reached skill level 14 in Axes
 14006 | Lair:4   | Gained mutation: Your large and strong wings let you fly.
                  | [Gargoyle growth]
 14006 | Lair:4   | Reached XP level 14. HP: 88/88 MP: 21/21
 14013 | Lair:4   | 14013 ||| Stepping ~*~*~tactically~*~*~ (hiding).
 14014 | Lair:4   | 14014 ||| INVOKING Heroism.
 14035 | Lair:4   | HP: 20/88 [meliai/+0 hand axe (11)]
 14036 | Lair:4   | 14036 ||| READING scroll of teleportation.
 14037 | Lair:4   | 14037 ||| DRINKING potion of heal wounds.
 14043 | Lair:4   | 14043 ||| FLEEEEING.
 14055 | Lair:4   | HP: 14/88 [elephant (11)]
 14056 | Lair:4   | 14056 ||| INVOKING Heroism.
 14061 | Lair:4   | HP: 14/88 [rime drake/icy flash freeze (1)]
 14064 | Lair:4   | HP: 6/90 [killer bee (4)]
 14066 | Lair:4   | HP: 2/90 [elephant (4)]
 14068 | Lair:4   | Slain by an elephant

Levels and vault maps discovered:
D:1:      dpeg_arrival_three_same_balls, layout_loops_ring,
          lexackson_kobold_supper
D:2:      minmay_inner_zag, layout_loops_ring, hangedman_feature_mirror
D:3:      layout_basic, marbit_many_paths, serial_glass, glass_columns_a,
          glass_columns_b, glass_columns_a, glass_columns_a, glass_columns_b,
          glass_columns_b, glass_columns_c, glass_columns_c, glass_columns_c,
          glass_columns_a, glass_columns_a, glass_columns_a, glass_columns_a,
          glass_columns_b, shapermc_ecumenical_altar_starsandcircs
D:4:      layout_rooms, nicolae_tso_carved_into_rock, vehumet_crystals,
          minmay_misc_feat_doors
D:5:      layout_basic, mainiacjoe_overflow_six_doors_small,
          brannock_xom_greatest_gift
D:6:      layout_cave_pools, mainiacjoe_overflow_paths
D:7:      layout_basic, nicolae_elyvilon_peaceful_grove,
          mainiacjoe_overflow_boulevard, lemuel_round_altar, kennysheep_mini,
          nemelex_diamond_rough_becter, minmay_temple_entry_mist,
          ebering_ghost_disaster_area, serial_shops, shop
D:8:      layout_basic, erik_lair_orcish_takeover,
          hangedman_abyss_or_decor_stagger, uniq_prince_ribbit1
Lair:1:   layout_hall_layers, grunt_megastairs_5, uniq_fannar
Lair:2:   layout_layer_cave, minmay_shoals_entry_hut,
          guppyfry_snake_entry_garden, gauntlet_entry_generic, uniq_harold
Lair:3:   layout_loops_ring, beast_lair_carwin_7
Lair:4:   regret_index_combs_of_tragedy, layout_regular_city,
          nicolae_slime_entry_field_trip, dreamdust_gnoll_shepherd,
          uniq_josephine

Skill      XL: |  1  2  3  4  5  6  7  8  9 10 11 12 13 14 |
---------------+-------------------------------------------+-----
Axes           | 2 3 4 5 6 8 9 10 11 12 14 | 14.0
Fighting       | 4 5 6 8 9 10 11 | 11.0
Invocations    | 3 4 7 10 | 10.0
Dodging        | 2 |  2.4
Throwing       | 2 3 4 5 |  5.0
Armour         | 6 8 9 |  9.1
Shields        | 4 5 10 11 | 11.2

Action                     |  1- 3 |  4- 6 |  7- 9 | 10-12 | 13-15 || total
---------------------------+-------+-------+-------+-------+-------++-------
  Melee: War axe           |    90 |    82 |   111 |   480 |   296 ||  1059
         Hand axe          |       |       |       |       |    11 ||    11
  Throw: Boomerang         |    41 |    44 |    14 |    40 |       ||   139
         Javelin           |       |       |    15 |    83 |    59 ||   157
 Invoke: Heroism           |       |     1 |     7 |    21 |    10 ||    39
         Finesse           |       |       |       |     1 |       ||     1
    Use: Scroll            |     2 |     5 |     6 |     4 |     4 ||    21
         Potion            |     2 |     3 |     3 |     2 |     1 ||    11
 Armour: Scale mail        |    37 |    13 |       |       |       ||    50
         Chain mail        |       |    37 |    65 |   178 |       ||   280
         Plate armour      |       |       |       |    19 |   173 ||   192
  Dodge: Dodged            |    56 |    31 |    39 |   124 |    87 ||   337
  Block: Buckler           |    19 |    19 |    39 |    54 |       ||   131
         Kite shield       |       |       |       |    55 |   224 ||   279

Table legend:
 A = Non-vault XP
 B = Vault XP
 C = Vault XP percentage of total XP
 D = Non-vault monster count
 E = Vault monster count
 F = Vault count percentage of total count
                 A         B        C        D         E       F
            +---------+---------+-------+---------+---------+-------
      Total |   40658 |   18539 |  31.3 |     253 |      96 |  27.5
            +---------+---------+-------+---------+---------+-------
        D:1 |      24 |      11 |  31.4 |      14 |       8 |  36.4
        D:2 |      23 |      14 |  37.8 |       7 |       8 |  53.3
        D:3 |      73 |       1 |   1.4 |      21 |       1 |   4.5
        D:4 |     181 |       0 |   0.0 |      11 |       0 |   0.0
        D:5 |     192 |       0 |   0.0 |      10 |       0 |   0.0
        D:6 |    1663 |       0 |   0.0 |      15 |       0 |   0.0
        D:7 |    2834 |       0 |   0.0 |      28 |       0 |   0.0
        D:8 |    3119 |     934 |  23.0 |      31 |      10 |  24.4
     Lair:1 |    9082 |    3128 |  25.6 |      32 |       9 |  22.0
     Lair:2 |    8912 |    1421 |  13.8 |      30 |       4 |  11.8
     Lair:3 |   10753 |    3331 |  23.7 |      36 |      11 |  23.4
     Lair:4 |    2934 |    6295 |  68.2 |      14 |      36 |  72.0
   Gauntlet |     868 |    3404 |  79.7 |       4 |       9 |  69.2
            +---------+---------+-------+---------+---------+-------
